 Dungeon Crawl Stone Soup version 0.30.1 (webtiles) character file.

Game seed: 1379169056696449195

10126 kamnev the Cleaver (level 11, -8/89 HPs)
             Began as a Minotaur Fighter on July 9, 2023.
             Was a High Priest of Okawaru.
             Mangled by a two-headed ogre
             ... wielding a +0 giant club
              (25 damage)
             ... on level 1 of the Orcish Mines.
             The game lasted 00:22:28 (9759 turns).

kamnev the Cleaver (Minotaur Fighter)               Turns: 9759, Time: 00:22:29

Health: -8/89      AC: 17    Str: 25    XL:     11   Next: 32%
Magic:  7/13       EV: 15    Int:  5    God:    Okawaru [*****.]
Gold:   560        SH: 10    Dex: 10    Spells: 10/10 levels left

rFire   . . .        z - +4 hand axe
rCold   . . .        c - +0 buckler
rNeg    . . .        E - +0 acid dragon scales
rPois   .            (helmet restricted)
rElec   .            l - +1 cloak
rCorr   +            d - +2 pair of gloves
SInv    .            t - +0 pair of boots
Will    .....        (no amulet)
Stlth   ++           (no ring)
HPRegen 0.34/turn    (no ring)
MPRegen 0.13/turn

%: clarity
@: heroic, finesse-ful
A: horns 2, retaliatory headbutt, large bone plates 1, clarity, frail 1
a: Renounce Religion, Heroism, Finesse, Duel


You were on level 1 of the Orcish Mines.
You worshipped Okawaru.
Okawaru was extremely pleased with you.
You visited 3 branches of the dungeon, and saw 11 of its levels.

You collected 678 gold pieces.
You spent 118 gold pieces at shops.

Inventory:

Hand Weapons
 a - a +0 war axe
 z - a +4 hand axe (weapon)
 D - the +9 falchion "Leviticus" {pain, Contam Int+5 Dex+7}
   (You found it on level 8 of the Dungeon)

   Int:       It affects your intelligence (+5).
   Dex:       It affects your dexterity (+7).
   Contam:    It causes magical contamination when unequipped.
Missiles
 G - a throwing net (quivered)
Armour
 b - a +0 scale mail
 c - a +0 buckler (worn)
 d - a +2 pair of gloves (worn)
 l - a +1 cloak (worn)
 q - a scarf of harm
 t - a +0 pair of boots (worn)
 E - +0 acid dragon scales (worn)
Jewellery
 o - an amulet of magic regeneration
 s - a ring of flight
Wands
 p - a wand of roots (5)
 v - a wand of charming (13)
Scrolls
 h - 2 scrolls of enchant armour
 i - 3 scrolls of fear
 j - 7 scrolls of teleportation
 k - 2 scrolls of enchant weapon
 n - a scroll of poison
 y - 2 scrolls of blinking {unknown}
 A - a scroll of magic mapping {unknown}
 F - a scroll of vulnerability {unknown}
Potions
 f - 2 potions of might
 g - a potion of ambrosia
 m - 5 potions of curing
 r - 2 potions of attraction
 u - a potion of mutation
 w - 2 potions of haste
 x - 2 potions of cancellation {unknown}
 B - a potion of flight {unknown}
 C - a potion of brilliance


   Skills:
 + Level 9.8(14.8) Fighting
 * Level 12.8(17.8) Axes
 + Level 9.7(14.7) Armour
 + Level 8.0(13.0) Dodging
 - Level 5.0(10.0) Shields
 - Level 5.0 Invocations
 - Level 2.1 Evocations


You had 10 spell levels left.
You didn't know any spells.
Your spell library contained the following spells:

 Spells                   Type           Power      Damage    Failure   Level
 Blink                    Tloc           0%         N/A       71%         2
 Sublimation of Blood     Necr           0%         N/A       71%         2
 Ozocubu's Armour         Ice            0%         N/A       91%         3
 Manifold Assault         Tloc           0%         N/A       100%        4
 Petrify                  Tmut/Erth      0%         N/A       100%        4
 Blade Hands              Tmut           0%         N/A       100%        5
 Irradiate                Conj/Tmut      0%         3d11      100%        5
 Iron Shot                Conj/Erth      0%         9d1       100%        6
 Ozocubu's Refrigeration  Ice            0%         4d7       100%        7
 Storm Form               Tmut/Air       0%         N/A       100%        7
 Animate Armour           Summ/Erth      Unusable   N/A       N/A         4

Dungeon Overview and Level Annotations

Branches:
Dungeon (9/15)             Temple (1/1) D:4             Orc (1/2) D:9
   Lair: D:8-11

Altars:
Ashenzari
Cheibriados
Dithmenos
Fedhas
Gozag
Hepliaklqana
Kikubaaqudgha
Makhleb
Nemelex Xobeh
Okawaru
Qazlal
Ru
Sif Muna
Trog
Uskayaw
Vehumet
Wu Jian
Yredelemnul
Zin
The Shining One
Jiyva

Shops:
D:2 !(![

Annotations:
D:5 3 runed translucent doors, Graphine's ghost, novice MfGl
D:6 1 runed translucent door
D:8 2 transporters


Innate Abilities, Weirdness & Mutations

You have a pair of horns on your head.
You reflexively headbutt those who attack you in melee.
You are partially covered in large bone plates. (SH +4)
You possess an exceptional clarity of mind.
You are frail. (-10% HP)


Message History

Okawaru will now gift you equipment as you gain piety.
Your base Dodging skill increases to level 8!
You block the two-headed ogre's attack. x2
Items here: )))).
You barely miss the two-headed ogre. You headbutt the two-headed ogre!
The two-headed ogre is lightly wounded.
You hit something but do no damage. Something hits you but does no damage.
You barely miss the two-headed ogre.
The two-headed ogre is lightly wounded.
You hit something but do no damage. The two-headed ogre barely misses you.
The two-headed ogre closely misses you. You block something's attack.
The two-headed ogre misses you. x2
Items here: )))).
Something hits you but does no damage.
You hit the two-headed ogre.
The two-headed ogre is lightly wounded.
You hit the two-headed ogre.
The two-headed ogre is lightly wounded.
You hit the two-headed ogre but do no damage.
You headbutt the two-headed ogre.
The two-headed ogre is moderately wounded.
You hit the two-headed ogre.
The two-headed ogre is moderately wounded.
Something hits you but does no damage.
You block the two-headed ogre's attack. x2
You barely miss the two-headed ogre.
Your headbutt misses the two-headed ogre.
The two-headed ogre is moderately wounded.
You barely miss the two-headed ogre.
The two-headed ogre is moderately wounded.
You barely miss the two-headed ogre. You headbutt the two-headed ogre!
The two-headed ogre is heavily wounded.
You barely miss the two-headed ogre.
The two-headed ogre is heavily wounded.
You slash the two-headed ogre! You headbutt the two-headed ogre!
The two-headed ogre is almost dead.
The two-headed ogre hits you with a +0 giant club!!
* * * LOW HITPOINT WARNING * * *
The two-headed ogre hits you with a +0 giant club!!
You die...

#..#...........#....#
#..#...............##
..........##.....###
#....#....#........##
##...........#.OO...#
#...##..#....##O#####
##.##.........{O# #
##.##.#..##O#
#####....#@#
#.............
#.....#........
##.####........ ###
##....#.. ##.## . ##


You could see 2 two-headed ogres and 3 ogres.

Vanquished Creatures
  Erolcha (Arena)
  2 two-headed ogres (Orc:1)
  The ghost of Testola the Carver, a novice HuBe of Trog (D:6)
  A cyclops (D:9)
  3 kobold demonologists (D:9)
  A troll (D:9)
  A hornet (D:9)
  2 wyverns
  2 vampires (D:9)
  8 yaks
  A human (D:6)
  A steam dragon (D:6)
  A warg (D:9)
  Menkaure (D:7)
  4 water moccasins
  An acid dragon (D:9)
  An ice beast (D:6)
  4 orc warriors
  3 black bears
  An ogre (D:4)
  2 centaurs
  A phantom (D:6)
  A kobold brigand (D:9)
  5 bullfrogs
  3 scorpions
  4 wights (D:7)
  8 killer bees
  8 howler monkeys
  7 hounds
  5 jellies
  A gnoll bouda (D:8)
  3 orc priests
  A sleepcap (D:7)
  Terence (D:2)
  A human skeleton (D:6)
  3 iguanas
  7 orc wizards
  Ijyb (D:4)
  4 adders
  8 gnolls
  2 shadow imps
  A white imp (D:6)
  2 ufetubi
  6 worms
  5 dart slugs
  24 orcs
  6 bats
  11 endoplasms
  2 giant cockroaches
  10 goblins
  11 hobgoblins
  3 jackals (D:3)
  8 quokkas
  5 ball pythons
  2 frilled lizards (D:2)
  11 kobolds
  4 rats
227 creatures vanquished.

Notes
Turn   | Place    | Note
-------+----------+-------------------------------------------
     0 | D:1      | kamnev the Minotaur Fighter began the quest for the Orb.
     0 | D:1      | Reached XP level 1. HP: 19/19 MP: 0/0
   176 | D:1      | Reached XP level 2. HP: 22/27 MP: 1/1
   315 | D:1      | Reached skill level 3 in Axes
   490 | D:1      | Reached XP level 3. HP: 31/33 MP: 2/2
   720 | D:2      | Found an opulent altar of Gozag.
   746 | D:2      | Reached skill level 1 in Dodging
   777 | D:2      | Gained mutation: You are frail. (-10% HP) [potion of
                  | mutation]
   777 | D:2      | Gained mutation: You are partially covered in large bone
                  | plates. (SH +4) [potion of mutation]
   777 | D:2      | Gained mutation: You possess an exceptional clarity of
                  | mind. [potion of mutation]
   787 | D:2      | Reached XP level 4. HP: 19/36 MP: 3/3
   794 | D:2      | Reached skill level 4 in Axes
  1032 | D:2      | Found Qoheewear's Weapon Shop.
  1099 | D:2      | Found Houlaing's Armour Shoppe.
  1115 | D:2      | Bought a +0 cloak for 63 gold pieces
  1182 | D:2      | Reached XP level 5. HP: 42/42 MP: 4/4
  1240 | D:2      | Found Ogom's Distillery.
  1248 | D:2      | Bought a potion of heal wounds for 55 gold pieces
  1252 | D:2      | Found Niecseapide's Distillery.
  1782 | D:3      | Found a faded altar of an unknown god.
  1789 | D:3      | You fall into a shaft and drop 2 floors!
  1789 | D:5      | Entered Level 5 of the Dungeon
  1927 | D:4      | Noticed Ijyb
  1938 | D:4      | Killed Ijyb
  1939 | D:4      | Reached XP level 6. HP: 39/47 MP: 5/5
  1987 | D:4      | Found a glowing silver altar of Zin.
  2040 | D:4      | Reached skill level 5 in Axes
  2268 | D:2      | Noticed Terence
  2280 | D:2      | Killed Terence
  3004 | D:4      | Found a stormy altar of Qazlal.
  3114 | D:4      | Found a staircase to the Ecumenical Temple.
  3120 | Temple   | Entered the Ecumenical Temple
  3220 | Temple   | Became a worshipper of Warmaster Okawaru
  3304 | D:5      | Reached skill level 5 in Fighting
  3304 | D:5      | Reached skill level 5 in Armour
  3355 | D:5      | Reached skill level 5 in Shields
  3375 | D:5      | Reached XP level 7. HP: 54/54 MP: 6/6
  3491 | D:5      | Reached skill level 6 in Axes
  3625 | D:5      | Found a runed translucent gate.
  3626 | D:5      | Found a runed translucent gate.
  3630 | D:5      | Found a runed translucent gate.
  3632 | D:5      | Noticed Graphine's ghost (novice MfGl)
  3695 | D:5      | Reached * piety under Okawaru
  3696 | D:5      | Reached skill level 1 in Invocations
  3696 | D:5      | Reached skill level 1 in Evocations
  3780 | D:5      | Found a hide-covered altar of Uskayaw.
  3780 | D:5      | Found an opulent altar of Gozag.
  4236 | D:6      | Reached XP level 8. HP: 62/62 MP: 8/8
  4275 | D:6      | Reached skill level 7 in Axes
  4336 | D:6      | Found a runed translucent door.
  4424 | D:6      | Found a sacrificial altar of Ru.
  4537 | D:6      | Found a basalt altar of Yredelemnul.
  4551 | D:6      | Reached ** piety under Okawaru
  4603 | D:6      | Found a runed translucent door.
  4607 | D:6      | Noticed Testola's ghost (novice HuBe)
  4622 | D:6      | Found a runed translucent door.
  4670 | D:6      | Reached skill level 8 in Axes
  4687 | D:6      | Killed Testola's ghost
  4688 | D:6      | Reached XP level 9. HP: 42/70 MP: 10/10
  4835 | D:6      | Found a shadowy altar of Dithmenos.
  5035 | D:6      | Reached skill level 5 in Dodging
  5240 | D:7      | Found a blossoming altar of Fedhas.
  5265 | D:7      | Noticed Menkaure
  5268 | D:7      | Reached skill level 9 in Axes
  5271 | D:7      | Killed Menkaure
  5271 | D:7      | Reached *** piety under Okawaru
  6465 | D:7      | Found a sparkling altar of Nemelex Xobeh.
  6543 | D:8      | Reached skill level 10 in Axes
  6913 | D:8      | Reached XP level 10. HP: 62/79 MP: 12/12
  7136 | D:8      | Identified the +9 falchion "Leviticus" {pain, Contam Int+5
                  | Dex+7}
  7250 | D:8      | Reached **** piety under Okawaru
  7349 | D:8      | Found a transporter.
  7351 | D:8      | Found a transporter.
  7356 | D:8      | Found a viscous altar of Jiyva.
  7815 | D:9      | Noticed a cyclops
  7821 | D:9      | Killed a cyclops
  7822 | D:9      | Reached skill level 5 in Invocations
  7930 | D:9      | Paralysed by a hornet for 3 turns
  8002 | D:9      | Reached skill level 11 in Axes
  8049 | D:9      | Found a broken altar of Ashenzari.
  8571 | D:9      | Noticed an orange demon
  8572 | D:9      | Reached ***** piety under Okawaru
  8646 | D:9      | Reached skill level 12 in Axes
  8803 | D:9      | Found a staircase to the Orcish Mines.
  8947 | D:9      | Reached XP level 11. HP: 87/87 MP: 13/13
  9152 | Orc:1    | Entered Level 1 of the Orcish Mines
  9160 | Orc:1    | Noticed Erolcha
  9497 | Arena    | Entered the Arena
  9514 | Arena    | Killed Erolcha
  9705 | Orc:1    | Noticed a two-headed ogre
  9705 | Orc:1    | Noticed a two-headed ogre
  9705 | Orc:1    | Noticed an ogre mage
  9706 | Orc:1    | Noticed a two-headed ogre
  9707 | Orc:1    | Noticed a two-headed ogre
  9735 | Orc:1    | Killed a two-headed ogre
  9744 | Orc:1    | Killed a two-headed ogre
  9759 | Orc:1    | Mangled by a two-headed ogre

Illustrated notes

Levels and vault maps discovered:
D:1:      sevenhm_arrival_forest_fort_small_5, layout_loops_ring, minivault_4,
          minmay_domino_2
D:2:      layout_basic, serial_shops, nicolae_shop_bloodbath_and_beyond, shop,
          nicolae_shop_crystal, shop, basic_altar, uniq_crazy_yiuf_cottage,
          uniq_terence, uniq_robin
D:3:      layout_loops_cross, basic_ecumenical_altar, kennysheep_generic_room_4
D:4:      layout_rooms, mainiacjoe_overflow_six_doors_small,
          mainiacjoe_overflow_paths, minmay_temple_entry_enclosed_plants,
          nicolae_goblin_pals
D:5:      black_bear_nest_2, layout_rooms, minitemple,
          gammafunk_ghost_nasty_kobolds
D:6:      layout_gridville, dk_yredelemnul_ordeal,
          nicolae_overflow_crystal_walls, nicolae_ru_awakened_eye,
          ebering_ghost_sewer_f, amethyst_killhole, roderic_serpentine_path
D:7:      layout_basic, nemelex_altar_shiori, fedhas_altar_1, uniq_menkaure
D:8:      gammafunk_jiyva_shrine, layout_rooms
D:9:      layout_roguey, ashenzari_conservatory_becter, orc_0_dummy
Temple:   compressed_dpeg_circular_temple
Orc:1:    emtedronai_trogs_sanctum, layout_caves, gammafunk_ghost_grave,
          uniq_erolcha

Skill      XL: |  1  2  3  4  5  6  7  8  9 10 11 |
---------------+----------------------------------+-----
Axes           | 3 4 5 6 8 10 12 | 12.8
Dodging        | 1 2 3 4 6 7 8 |  8.0
Shields        | 4 5 |  5.0
Fighting       | 4 5 6 7 9 |  9.8
Armour         | 4 5 6 7 9 |  9.7
Invocations    | 1 3 4 5 |  5.0
Evocations     | 1 2 |  2.1

Action                     |  1- 3 |  4- 6 |  7- 9 | 10-12 || total
---------------------------+-------+-------+-------+-------++-------
  Melee: War axe           |    64 |   129 |   169 |       ||   362
         Headbutt          |     5 |    21 |    42 |    70 ||   138
         Hand axe          |       |       |    47 |   265 ||   312
 Invoke: Heroism           |       |       |     2 |     1 ||     3
         Finesse           |       |       |       |     1 ||     1
         Duel              |       |       |       |     1 ||     1
  Evoke: Wand              |       |     1 |     2 |       ||     3
    Use: Potion            |     4 |       |     1 |     4 ||     9
         Scroll            |       |    10 |     1 |     5 ||    16
 Armour: Scale mail        |    72 |    35 |    90 |    38 ||   235
         Acid dragon scale |       |       |       |    54 ||    54
  Dodge: Dodged            |    49 |    62 |   120 |   124 ||   355
  Block: Buckler           |    27 |    69 |   102 |   110 ||   308
